woodfighter, lawful female dwarven Priestess ----- ------- ... |...l.| ... ...^..- . -.|.--. . ###q@### . ----------- # . |.........--- #### . #............| . # ###|....(......| .. ##### ###............| |.. # # ### ---.........| |. ######### # ----------- |. -.-.-### |$ |...|# . |..<|# -- |....# ----- woodfighter the Acolyte Experience level: 5 Strength: 11 Dexterity: 10 Constitution: 17 Intelligence: 17 Wisdom: 10 Charisma: 11 Health: 0(46) Energy: 34(34) Def: 3 Gold: 275 Moves: 2686 Dungeon seed: I7cebWqS5m5SRdZ5 Game ID: woodfighter_1547392771 Your Inventory: Coins $ - 275 gold pieces Amulets D - an amulet of ESP (being worn) Weapons a - a blessed +1 mace named Puddingbane (weapon in hand) Armor e - a +0 robe (being worn) n - a +0 small shield (being worn) r - a +0 orcish helm Comestibles H - a candy bar J - a food ration M - a sprig of wolfsbane Scrolls k - a scroll of identify m - a scroll of enchant weapon t - a scroll of remove curse A - 2 scrolls of scare monster B - a cursed scroll of enchant armor F - a scroll of magic mapping N - a scroll of confuse monster Spellbooks g - a spellbook of detect unseen h - a spellbook of create monster I - a spellbook of cause fear Potions b - 4 potions of holy water x - a potion of confusion Rings j - a +1 ring of increase accuracy E - a ring of conflict Wands d - a wand of sleep (0:7) f - a wand of cancellation (0:1) Tools i - a magic marker (0:57) w - a magic whistle y - a lock pick Gems q - a worthless piece of blue glass Spells and supernatural/magical abilities: Name Level Category Fail Memory O - create monster 2 clerical 0% 87% U - detect unseen 3 divination 84% 87% W - pray for help -- divine ? -- X - turn undead -- divine ? -- Your skills at the end: Miscellaneous Skills shield [Basic] wands [Basic] Weapon Skills pick-axe [Basic] mace [Basic] Spellcasting Skills clerical spells [Basic] Final Attributes: You were fervently aligned. Your writing hand was ok. You were telepathic. You had infravision. You were stealthy. You are dead. Vanquished creatures: a small mimic a housecat an imp a homunculus a rothe a giant bat 2 dwarf zombies a coyote a gas spore a large kobold 5 geckos 4 hobgoblins 2 garter snakes 2 manes 2 jackals 5 newts 4 grid bugs 6 lichens a kobold zombie 42 creatures vanquished. Voluntary challenges: You did not cause conflict. You were not invisible. You did not have reflection. You were not displaced. You used a wielded weapon 48 times, starting on turn 4. You did not apply a unicorn horn. You did not use plumbed fixtures. You did not drink any magical draughts. You were illiterate. You never genocided any monsters. You never polymorphed an object. You never changed form. You used no wishes. You never split a pudding. You never wrote Elbereth's name. You never violated your personal moral code. Dungeon overview: The Dungeons of Doom: levels 1 to 6 Level 1 a long staircase Level 2 a scroll shop stairs to The Gnomish Mines Level 3 (chest) a potion shop Level 4 (box) a hardware shop Level 5 (cjests) a general store, a fountain Level 6 <- You were here The Gnomish Mines: Level 3 stairs to The Dungeons of Doom History has recorded: On T:1 you entered the Dungeons of Doom to retrieve the Amulet of Yendor! On T:194 you reached level 2 of The Dungeons of Doom. On T:615 you reached level 1 of The Gnomish Mines. On T:880 you prayed to Mercury. On T:911 you reached level 3 of The Dungeons of Doom. On T:1155 you advanced to experience level 2. On T:1442 you advanced to experience level 3. On T:1687 you reached level 4 of The Dungeons of Doom. On T:1873 you reached level 5 of The Dungeons of Doom. On T:2061 you advanced to experience level 4. On T:2423 you reached level 6 of The Dungeons of Doom. On T:2666 you advanced to experience level 5. Score breakdown: Gold: 275 ( 27 points) Experience: 5 levels ( 400 points) Exploration: 6 levels ( 150 points) Discoveries: 18 items ( 900 points) Variety of kills: 19 monsters ( 950 points) Major goal: (nothing yet) ( 0 points) Survival: died (score multiplied by 3) Total score: 7281 Latest messages: You hit the housecat! The housecat bites! You hit the housecat. The housecat bites! (2x) Suddenly, kitty disappears out of sight. The housecat bites! You hit the housecat! The housecat bites! You kill the housecat! Welcome to experience level 5. You hear crashing rock. You stop exploring. You hit the rothe! The rothe claws you! The rothe bites! (2x) You kill the rothe! You see here a rothe corpse. This rothe corpse tastes terrible! You stop eating. You hit the rothe! The rothe claws you! The rothe bites! (2x) You hit the rothe. The rothe claws you! The rothe bites! (2x) You die... Final status: Goodbye woodfighter the Priestess, killed by a rothe... You died in The Dungeons of Doom on dungeon level 6 with 7281 points, and 275 pieces of gold, after 2686 moves. You were level 5 with a maximum of 46 hit points when you died.